Map: Honorgrounds LE

Players

Rugi - Winner!

  • Race: Zerg Zerg
  • League: Diamond
  • Spawn Location: 1:00

Loken

  • Race: Protoss Protoss
  • Spawn Location: 7:00

VOD

Have the link to the VOD?

Description

Time

  • Played on: March 11, 2017, 3:20 p.m.
  • Length: 11:16
Show
View Real Time Build Order
Export as new Build Order

Rugi Zerg - Winner!

Build Orders: Hatch First, Muta Ling Bane 

Get SALT Encoding   

  12  0:00  Drone  
  13  0:12  Overlord  
  13  0:18  Drone  
  14  0:30  Drone  
  14  0:31  Drone  
  16  0:37  Drone  
  17  0:53  Hatchery  
  17  0:56  Drone  
  17  0:59  Drone  
  17  1:02  Extractor  
  17  1:06  Drone  
  18  1:18  Spawning Pool  
  18  1:22  Drone  
  18  1:28  Drone  
  19  1:38  Drone  
  20  1:49  Overlord  
  20  2:05  Metabolic Boost  
  20  2:06  Queen x2  
  20  2:07  Drone  
  25  2:10  Drone  
  25  2:12  Drone  
  27  2:17  Zergling x2  
  27  2:22  Zergling x2  
  29  2:28  Drone  
  30  2:33  Drone  
  31  2:47  Queen x2  
  31  2:51  Overlord  
  35  2:53  Drone  
  36  3:01  Hatchery  
  36  3:04  Drone  
  36  3:11  Overlord  
  36  3:14  Drone x3  
  39  3:20  Overlord  
  39  3:26  Drone x2  
  40  3:33  Drone x4  
  44  3:35  Extractor  
  44  3:36  Drone  
  44  3:47  Zergling x4  
  46  3:58  Overlord  
  46  3:59  Drone  
  46  4:02  Drone x3  
  50  4:06  Drone x2  
  50  4:07  Overlord  
  50  4:08  Lair  
  52  4:12  Drone, Roach Warren  
  52  4:14  Overlord  
  52  4:18  Drone  
  52  4:22  Overlord  
  53  4:25  Overlord, Extractor  
  53  4:26  Drone  
  53  4:29  Drone  
  54  4:31  Drone  
  55  4:38  Drone  
  55  4:40  Drone x4  
  55  4:42  Zergling x4  
  62  4:46  Drone x2  
  62  4:51  Pneumatized Carapace  
  64  4:56  Spore Crawler  
  64  4:57  Spore Crawler  
  64  4:58  Drone x3, Spore Crawler  
  64  5:03  Drone  
  64  5:04  Drone x2  
  67  5:10  Drone  
  67  5:11  Drone x4  
  67  5:12  Drone x2  
  74  5:22  Drone x6, Extractor x2  
  74  5:27  Drone x2  
  80  5:30  Extractor  
  80  5:32  Drone  
  80  5:39  Queen x3  
  86  6:00  Hatchery  
  85  6:07  Roach x6  
  85  6:08  Roach x5  
  103  6:11  Overseer  
  103  6:15  Drone x5  
  104  6:23  Drone  
  104  6:25  Overlord  
  105  6:31  Overlord x3  
  105  6:37  Overlord  
  105  6:49  Overlord  
  105  6:50  Overlord  
  105  6:51  Roach x8  
  121  6:57  Spire  
  120  7:04  Roach  
  120  7:05  Roach x4  
  130  7:13  Drone x2  
  130  7:14  Overlord x2  
  132  7:20  Roach x3  
  138  7:27  Drone x9  
  147  7:32  Overseer  
  147  7:38  Overlord  
  147  7:39  Overlord x3  
  147  7:44  Drone, Extractor  
  147  7:45  Drone x3  
  147  7:47  Extractor  
  149  7:55  Drone  
  149  7:56  Drone x2  
  151  8:15  Mutalisk  
  151  8:16  Mutalisk x12  
  177  8:30  Hatchery, Mutalisk x8  
  177  8:33  Baneling Nest, Zergling x6  
  194  8:36  Zergling x2  
  195  8:46  Roach x2  
  199  8:55  Mutalisk  
  200  9:02  Hatchery  
  194  9:28  Centrifical Hooks  
  194  9:33  Evolution Chamber  
  194  9:34  Evolution Chamber  
  190  9:39  Roach x5  
  190  9:41  Overlord x4  
  190  9:42  Overlord  
  196  9:52  Zergling x4  
  188  9:54  Overlord  
  188  9:55  Overlord  
  188  9:57  Mutalisk x3  
  190  10:00  Mutalisk x2  
  190  10:01  Mutalisk x4  
  190  10:02  Mutalisk  
  200  10:09  Zergling x6  
  199  10:16  Zergling x6  
  193  10:25  Baneling  
  193  10:26  Baneling x3, Zergling x2  
  193  10:27  Zergling x8  
  161  10:43  Mutalisk  
  161  10:44  Mutalisk x6  
  143  10:52  Mutalisk x3  
  143  10:55  Zergling x2  
  143  10:56  Zergling x2  
Show
View Real Time Build Order
Export as new Build Order

Loken Protoss 

Build Orders: Nexus First 

Get SALT Encoding   

  12  0:02  Probe (Chrono Boost)  
  13  0:12  Probe (Chrono Boost)  
  14  0:20  Pylon  
  14  0:23  Probe (Chrono Boost)  
  15  0:38  Probe (Chrono Boost)  
  16  0:48  Probe (Chrono Boost)  
  17  1:02  Nexus  
  17  1:10  Probe (Chrono Boost)  
  18  1:21  Probe (Chrono Boost)  
  19  1:28  Gateway  
  19  1:33  Probe (Chrono Boost)  
  19  1:37  Assimilator  
  20  1:43  Probe (Chrono Boost)  
  21  1:55  Pylon  
  21  1:59  Probe (Chrono Boost)  
  22  2:10  Probe (Chrono Boost)  
  23  2:16  Cybernetics Core  
  23  2:23  Gateway x2  
  23  2:27  Gateway  
  23  2:30  Pylon  
  23  2:34  Probe (Chrono Boost)  
  24  2:38  Probe (Chrono Boost)  
  24  2:39  Warp Gate  
  24  2:43  Zealot  
  27  2:44  Probe (Chrono Boost)  
  28  2:56  Probe (Chrono Boost)  
  29  3:07  Twilight Council  
  29  3:08  Probe (Chrono Boost)  
  29  3:12  Probe (Chrono Boost)  
  32  3:20  Probe (Chrono Boost)  
  32  3:22  Probe (Chrono Boost)  
  33  3:27  Zealot x3  
  33  3:32  Zealot  
  33  3:33  Probe (Chrono Boost)  
  43  3:35  Probe (Chrono Boost)  
  43  3:37  Assimilator  
  43  3:43  Probe (Chrono Boost)  
  44  3:54  Probe (Chrono Boost)  
  45  4:02  Dark Shrine  
  45  4:04  Probe (Chrono Boost)  
  46  4:13  Assimilator  
  46  4:15  Probe (Chrono Boost)  
  47  4:17  Assimilator  
  47  4:21  Pylon  
  47  4:25  Pylon  
  47  4:26  Probe (Chrono Boost)  
  47  4:27  Probe (Chrono Boost)  
  49  4:36  Probe (Chrono Boost)  
  51  4:39  Probe (Chrono Boost)  
  51  4:47  Probe (Chrono Boost)  
  51  4:50  Pylon  
  51  4:52  Pylon  
  52  4:57  Probe (Chrono Boost)  
  52  4:58  Gateway x2  
  53  5:01  Gateway  
  53  5:07  Charge  
  53  5:08  Probe (Chrono Boost)  
  54  5:18  Probe (Chrono Boost)  
  54  5:20  Dark Templar x3  
  61  5:29  Probe (Chrono Boost)  
  62  5:40  Probe (Chrono Boost)  
  63  6:04  Stalker x5  
  67  6:05  Stalker x2  
  67  6:09  Pylon  
  67  6:11  Pylon  
  77  6:13  Pylon  
  77  6:15  Pylon  
  71  6:40  Zealot x2  
  71  6:41  Zealot x4  
  71  6:42  Zealot  
  85  6:58  Pylon  
  85  7:00  Pylon  
  85  7:03  Pylon  
  85  7:05  Pylon  
  85  7:09  Blink  
  85  7:16  Zealot  
  85  7:17  Zealot x6  
  99  7:34  Templar Archives  
  99  7:47  Robotics Facility  
  99  7:48  Robotics Facility  
  99  7:50  Robotics Facility  
  99  7:58  Zealot  
  99  7:59  Zealot x2  
  99  8:00  Zealot x4  
  99  8:01  Nexus  
  113  8:12  Psionic Storm  
  113  8:23  High Templar  
  113  8:24  High Templar x4  
  123  8:27  Zealot x2  
  123  8:31  Archon x2  
  127  8:39  Observer  
  128  8:55  High Templar  
  128  8:59  Zealot x5  
  128  9:00  Observer, Zealot  
  141  9:08  Archon  
  106  9:30  Stalker x2  
  106  9:31  Stalker x2  
  114  9:32  Stalker x2  
  114  9:33  Stalker  
  120  10:23  Nexus  
Tags
 
Add a new tag
Caveats
  • Supply blocks, unpowered buildings, or Contaminate may cause inaccurate times.
  • Supply counts are checked every 10 seconds.